Map: Triton LE

Players

soO

  • Race: Zerg Zerg
  • Spawn Location: 5:00

TSGTYTY (TY) - Winner!

  • Race: Terran Terran
  • League: Grandmaster
  • Spawn Location: 11:00

VOD

Have the link to the VOD?

Description

Time

  • Played on: Jan. 7, 2020, 9:34 p.m.
  • Length: 15:22
Show
View Real Time Build Order
Export as new Build Order

soO Zerg 

Build Orders: Hatch First 

Get SALT Encoding   

  12  0:00  Drone  
  13  0:12  Overlord  
  13  0:16  Drone  
  14  0:30  Drone x2  
  16  0:47  Hatchery  
  15  0:51  Drone  
  15  0:54  Drone  
  17  0:57  Drone  
  18  1:07  Extractor  
  17  1:12  Spawning Pool  
  17  1:15  Drone  
  17  1:19  Drone  
  18  1:29  Drone  
  19  1:39  Drone  
  20  1:52  Overlord  
  20  1:59  Zergling x2, Queen x2  
  20  2:00  Zergling x2  
  26  2:10  Drone  
  26  2:11  Drone  
  28  2:21  Drone  
  29  2:23  Drone  
  29  2:24  Extractor  
  29  2:26  Metabolic Boost  
  29  2:32  Overlord  
  29  2:34  Queen  
  32  2:38  Drone  
  32  2:43  Drone  
  33  2:47  Extractor  
  33  2:51  Drone  
  33  2:53  Drone  
  33  2:54  Drone  
  35  3:05  Drone x2  
  38  3:09  Hatchery  
  38  3:12  Drone x2  
  39  3:13  Drone  
  39  3:14  Queen  
  42  3:20  Drone  
  42  3:23  Overlord  
  43  3:30  Drone  
  44  3:35  Overlord  
  44  3:40  Roach Warren  
  44  3:41  Drone  
  44  3:43  Drone x2  
  44  3:45  Extractor  
  45  3:48  Zergling x2  
  45  3:49  Zergling x4  
  45  3:50  Drone x2  
  45  3:53  Overlord  
  50  3:55  Drone  
  50  3:59  Queen  
  53  4:04  Drone  
  53  4:07  Drone  
  55  4:15  Overlord  
  55  4:21  Roach x5  
  65  4:27  Roach  
  67  4:32  Roach x2  
  67  4:37  Zergling x2  
  67  4:38  Zergling x4  
  74  4:41  Overlord  
  74  4:48  Zergling x8  
  74  4:51  Overlord  
  74  4:52  Ravager x2  
  80  4:53  Overlord  
  80  4:55  Overlord  
  79  5:05  Overlord  
  79  5:06  Drone x5  
  84  5:08  Drone x2  
  84  5:13  Drone x2  
  88  5:19  Extractor  
  88  5:21  Drone x2  
  89  5:22  Lair  
  89  5:23  Drone  
  89  5:24  Drone  
  92  5:28  Drone x3  
  92  5:29  Drone  
  92  5:34  Evolution Chamber  
  92  5:35  Evolution Chamber  
  93  5:39  Drone x3  
  96  5:46  Drone x3  
  96  5:47  Roach x3  
  105  5:56  Extractor  
  116  5:57  Extractor, Roach x6  
  116  6:00  Zerg Missile Weapons Level 1  
  116  6:03  Overlord  
  116  6:04  Overlord  
  115  6:08  Overlord  
  114  6:14  Overlord  
  114  6:16  Overlord  
  107  6:19  Roach x4  
  115  6:28  Glial Reconstitution  
  115  6:35  Roach x3  
  121  6:41  Roach x3  
  121  6:45  Overlord  
  124  6:53  Drone x3  
  127  6:54  Zerg Ground Armor Level 1, Overlord  
  127  6:57  Drone x3  
  127  6:58  Extractor  
  127  6:59  Roach x4  
  137  7:06  Drone  
  137  7:07  Drone  
  139  7:12  Roach x4  
  146  7:16  Ravager  
  146  7:18  Hatchery  
  146  7:19  Drone  
  148  7:22  Ravager  
  148  7:24  Roach x3  
  148  7:26  Overlord  
  148  7:29  Roach x3, Overlord  
  160  7:33  Overlord  
  160  7:38  Overlord  
  160  7:40  Overseer  
  160  7:41  Overlord  
  159  7:47  Ravager x3  
  159  7:48  Overseer  
  159  7:50  Roach  
  159  7:51  Roach  
  166  7:53  Drone x4  
  170  7:59  Drone x3  
  170  8:02  Baneling Nest  
  172  8:05  Zerg Melee Weapons Level 1  
  172  8:06  Drone  
  172  8:07  Drone x3  
  176  8:14  Drone  
  176  8:19  Drone x7  
  181  8:24  Infestation Pit  
  180  8:31  Zergling x2  
  180  8:32  Zergling x12  
  187  8:36  Queen  
  189  8:42  Hatchery, Overlord  
  189  8:48  Extractor, Hatchery  
  186  8:54  Zergling x28  
  200  9:00  Spore Crawler  
  200  9:01  Overlord  
  199  9:03  Baneling x2  
  199  9:04  Baneling x2  
  192  9:17  Baneling x3  
  192  9:19  Zerg Ground Armor Level 2  
  192  9:20  Hive  
  192  9:22  Spire  
  191  9:24  Zergling x2  
  191  9:25  Zergling x16, Overlord  
  191  9:27  Overlord  
  191  9:28  Baneling x2  
  200  9:39  Overlord  
  200  9:43  Queen, Overlord  
  200  9:49  Centrifical Hooks  
  200  9:52  Baneling x8  
  200  9:54  Burrow  
  200  10:06  Drone x2  
  199  10:09  Spore Crawler  
  199  10:14  Baneling x7  
  198  10:15  Spore Crawler  
  198  10:17  Ravager x4  
  199  10:23  Zergling x2  
  200  10:35  Zergling x4  
  194  10:38  Zergling x2  
  194  10:41  Zergling x12  
  156  10:43  Zergling x2  
  156  10:44  Zergling x20  
  156  10:46  Zergling x12, Roach x2  
  156  10:49  Zergling x2, Roach x2  
  144  10:50  Zergling x2  
  144  10:52  Roach x4  
  148  10:57  Zergling x20, Roach x3  
  148  11:01  Baneling  
  148  11:02  Baneling x11  
  148  11:03  Zerg Melee Weapons Level 2  
  159  11:05  Viper x2  
  159  11:10  Baneling x12  
  165  11:12  Zergling x4, Roach x2  
  170  11:19  Zergling x14, Roach x2  
  170  11:22  Drone  
  170  11:23  Drone x3  
  178  11:32  Ravager  
  178  11:37  Adrenal Glands  
  178  11:39  Zergling x18  
  183  11:48  Zergling x2  
  183  11:49  Zergling x20  
  184  11:54  Ravager  
  184  11:56  Ravager  
  184  11:57  Zergling x14  
  187  12:04  Zergling x8  
  187  12:06  Zergling x2  
  176  12:11  Zergling x2  
  176  12:13  Ravager x2  
  173  12:17  Zergling x16  
  161  12:25  Baneling x19  
  161  12:27  Zergling x12  
  165  12:33  Zergling x6  
  154  12:44  Zergling x2  
  154  12:45  Zergling x10  
  154  12:51  Zergling x12  
  164  12:53  Baneling  
  164  12:54  Baneling x3  
  133  13:05  Zergling x2  
  133  13:06  Zergling x10  
  133  13:10  Queen x2  
  143  13:13  Ravager  
  143  13:14  Baneling x17  
  143  13:16  Zergling x2  
  143  13:17  Zergling x10  
  145  13:20  Zergling x6  
  131  13:37  Roach x5  
  136  13:45  Roach x5  
  136  13:46  Ravager  
  142  13:49  Roach x2  
  142  13:52  Roach  
  142  13:53  Roach x2  
  142  13:55  Hatchery, Baneling x5  
  150  14:03  Roach x4  
  150  14:08  Zergling x2  
  157  14:11  Zergling x2  
  157  14:12  Zergling x4  
  157  14:15  Ultralisk Cavern  
  158  14:21  Zergling x14, Ravager  
  163  14:28  Zergling x6  
  152  14:31  Ravager  
  152  14:34  Zergling x8  
  152  14:36  Ravager  
  152  14:38  Queen x2  
  157  14:43  Ravager x2  
  157  14:44  Zergling x6  
  162  14:48  Zergling x10  
  162  14:54  Ravager  
  162  14:55  Zergling x6  
  162  14:59  Overlord  
  162  15:02  Zergling x6  
Show
View Real Time Build Order
Export as new Build Order

TSGTYTY Terran - Winner!

Build Orders: Reaper Expand 

Get SALT Encoding   

  12  0:00  SCV  
  13  0:12  SCV  
  14  0:17  Supply Depot  
  14  0:25  SCV  
  15  0:38  SCV  
  15  0:39  Barracks  
  16  0:42  Refinery  
  16  0:50  SCV  
  17  1:02  SCV  
  18  1:15  SCV  
  19  1:26  Reaper  
  19  1:27  Orbital Command  
  20  1:39  Command Center  
  20  1:50  Supply Depot  
  20  1:53  SCV  
  21  1:58  Marine  
  22  2:04  Factory  
  22  2:08  SCV  
  23  2:19  Barracks Reactor  
  23  2:20  SCV  
  24  2:29  Barracks  
  24  2:31  Bunker  
  24  2:32  SCV  
  25  2:44  SCV  
  28  2:52  Orbital Command  
  28  2:58  SCV  
  27  3:03  Hellion  
  27  3:04  Hellion  
  31  3:05  Marine  
  31  3:10  SCV, Refinery  
  33  3:19  SCV  
  34  3:25  Barracks Tech Lab  
  34  3:26  SCV  
  35  3:31  Marine x2, SCV  
  38  3:34  Supply Depot  
  38  3:38  SCV  
  39  3:43  SCV, Starport, Marine  
  39  3:44  Stimpack  
  41  3:48  Marine  
  41  3:49  Factory Reactor  
  41  3:51  SCV, Supply Depot  
  41  3:54  Marine  
  41  3:55  SCV  
  45  4:01  Marine  
  45  4:02  Supply Depot  
  45  4:03  SCV  
  45  4:06  Marine  
  45  4:07  SCV  
  48  4:14  Marine, Supply Depot  
  48  4:15  SCV  
  50  4:19  Marine, SCV  
  52  4:25  Marine  
  52  4:26  Supply Depot  
  52  4:27  SCV  
  52  4:30  Medivac, Refinery  
  56  4:31  Marine, Factory Tech Lab  
  56  4:32  Medivac  
  56  4:34  SCV  
  56  4:37  Marine  
  61  4:43  Marine  
  61  4:45  SCV  
  63  4:49  SCV, Marine  
  65  4:53  Siege Tank  
  65  4:55  Marine  
  65  4:56  Supply Depot  
  65  4:57  SCV  
  70  5:00  Marine  
  70  5:01  SCV  
  72  5:07  Marine  
  72  5:09  SCV  
  72  5:12  Medivac  
  72  5:13  Marine  
  77  5:14  SCV  
  77  5:18  Marine  
  77  5:20  Command Center  
  79  5:21  SCV  
  79  5:23  Supply Depot  
  79  5:26  SCV  
  81  5:28  Refinery  
  81  5:29  Siege Tank  
  81  5:33  SCV  
  85  5:37  Supply Depot  
  85  5:38  SCV  
  86  5:43  Marine x2  
  86  5:45  SCV  
  86  5:46  Starport Reactor  
  86  5:48  Engineering Bay  
  86  5:49  Combat Shield, Engineering Bay  
  87  5:50  SCV  
  88  5:57  SCV  
  88  5:58  Marine  
  88  6:01  Marine  
  88  6:03  SCV, Barracks  
  92  6:10  SCV  
  93  6:15  SCV  
  93  6:17  Siege Tank  
  93  6:18  Marine x2  
  95  6:19  Marine  
  95  6:22  SCV, Terran Infantry Weapons Level 1, Terran Infantry Armor Level 1  
  98  6:27  SCV  
  99  6:34  SCV, Orbital Command  
  99  6:36  Marine x2, Barracks  
  99  6:37  Marine  
  99  6:38  Barracks  
  99  6:39  SCV  
  104  6:46  SCV  
  103  6:51  SCV  
  103  6:53  Siege Tank  
  105  6:54  Marine x3  
  105  6:58  SCV  
  110  7:03  Marine, Starport Reactor  
  110  7:05  SCV  
  110  7:07  Marine  
  113  7:10  SCV  
  113  7:12  Marine x3  
  116  7:16  Orbital Command  
  116  7:17  SCV  
  116  7:21  Marine  
  116  7:22  SCV  
  119  7:23  Armory  
  119  7:25  Marine, Siege Tank  
  119  7:28  Barracks Reactor x2  
  124  7:30  SCV, Marine x2  
  122  7:48  Supply Depot  
  122  7:49  Supply Depot  
  122  7:50  SCV x2  
  124  7:54  Refinery  
  124  7:55  Refinery  
  124  7:59  Missile Turret, Factory  
  124  8:03  Supply Depot x2  
  124  8:05  Supply Depot x2  
  125  8:07  Missile Turret, Barracks Reactor  
  125  8:10  Marine, Siege Tank  
  125  8:11  Marine x3  
  129  8:19  Medivac x2  
  135  8:21  Marine x2  
  135  8:24  Terran Infantry Weapons Level 2  
  135  8:26  Terran Infantry Armor Level 2  
  135  8:33  Marine x2  
  137  8:38  Marine x3  
  137  8:39  Marine x3  
  143  8:45  Terran Vehicle Weapons Level 1, Siege Tank  
  143  8:46  Siege Tank  
  148  8:49  Marine x2, Missile Turret  
  148  8:51  Marine  
  148  8:54  Marine  
  151  8:56  Marine x3  
  151  8:58  Marine x3  
  151  8:59  Liberator x2  
  156  9:07  Marine  
  155  9:13  Marine x3  
  155  9:14  Marine x3  
  162  9:17  Marine, Siege Tank  
  162  9:18  Marine x2  
  162  9:22  Siege Tank  
  162  9:24  Supply Depot  
  171  9:39  Command Center  
  171  9:41  Supply Depot  
  171  9:42  Supply Depot  
  171  9:45  Marine x5  
  174  9:49  Siege Tank  
  174  9:50  Supply Depot x2  
  178  9:57  Siege Tank  
  181  10:03  Medivac x2  
  181  10:15  Marine x3  
  182  10:21  Siege Tank  
  185  10:29  Marine x4  
  185  10:32  Medivac x2  
  187  10:40  Siege Tank  
  187  10:41  Marine  
  187  10:42  Marine x4  
  151  10:44  Terran Infantry Weapons Level 3  
  151  10:46  Liberator  
  151  10:48  Marine  
  132  10:50  SCV x2  
  132  10:52  Marine x2  
  132  10:53  Marine, Siege Tank  
  134  11:01  Terran Infantry Armor Level 3  
  134  11:04  Marine x6  
  135  11:05  Marine  
  135  11:10  Marine  
  142  11:15  Marine x2  
  143  11:20  Planetary Fortress  
  143  11:21  Marine  
  143  11:22  Marine x2  
  145  11:26  Siege Tank  
  145  11:29  Siege Tank  
  145  11:31  Marine x2  
  152  11:34  Marine x2  
  154  11:42  Marine x2  
  154  11:43  Marine x4  
  158  11:54  Marine x4  
  158  11:58  Siege Tank  
  158  12:00  Marine x5  
  166  12:01  Siege Tank  
  166  12:07  Orbital Command  
  158  12:08  Marine  
  158  12:12  Marine x4  
  160  12:18  Marine x2  
  148  12:25  SCV  
  148  12:26  SCV  
  150  12:30  Marine x3, Siege Tank  
  150  12:33  SCV  
  151  12:38  SCV x2  
  151  12:39  Marine x2  
  151  12:40  Marine x2  
  155  12:47  SCV  
  145  12:52  Marine x2  
  145  12:53  Marine x3  
  145  13:05  Marine, Siege Tank x2  
  138  13:06  Marine x4  
  138  13:07  SCV x2  
  138  13:08  SCV  
  138  13:10  Marine x2  
  138  13:11  Marine x3  
  151  13:16  Liberator x2  
  151  13:18  Barracks x2  
  151  13:19  SCV, Barracks  
  147  13:21  SCV  
  147  13:23  SCV, Marine x5  
  148  13:27  Marine  
  148  13:28  Marine  
  148  13:31  SCV  
  148  13:33  SCV  
  158  13:35  SCV  
  158  13:37  Siege Tank  
  158  13:38  Marine  
  158  13:39  Marine, Sensor Tower  
  163  13:44  Marine x2  
  163  13:45  Marine x4  
  168  13:54  SCV x2, Barracks  
  168  13:55  SCV  
  168  13:56  Marine  
  168  13:57  Marine  
  168  14:02  Marine  
  171  14:05  Siege Tank  
  171  14:06  Barracks Tech Lab x2  
  171  14:09  Siege Tank  
  171  14:10  Marine x5  
  171  14:16  Medivac, Command Center  
  178  14:22  SCV x3  
  176  14:25  Marine x2  
  176  14:26  Marine x4  
  176  14:37  Siege Tank  
  176  14:38  Marine, Medivac  
  183  14:40  Marine x3  
  183  14:41  Marine x2, Siege Tank  
  183  14:42  Marine  
  183  14:43  Marine x2  
  183  14:45  Refinery  
  181  14:46  Marine x3, Refinery  
  181  14:50  Marine  
  182  14:56  Marine  
  182  14:58  Marine x3  
  178  15:01  Marine x2  
Tags
 
Add a new tag
Caveats
  • Supply blocks, unpowered buildings, or Contaminate may cause inaccurate times.
  • Supply counts are checked every 10 seconds.